 Dungeon Crawl Stone Soup version 0.30-a0-953-g5f1da4a474 (webtiles) character file.

Game seed: 7023787471979256242

1343 Newt the Skirmisher (level 8, -5/48 (49) HPs)
             Began as a Kobold Hunter on Mar 28, 2023.
             Slain by an iguana (13 damage)
             ... on level 6 of the Dungeon.
             The game lasted 00:07:20 (6525 turns).

Newt the Skirmisher (Kobold Hunter)                 Turns: 6525, Time: 00:07:21

HP:   -5/48 (49)    AC:  2    Str:  9    XL:     8   Next: 93%
MP:   8/8           EV: 17    Int: 10    God:
Gold: 332           SH:  0    Dex: 20    Spells: 7/7 levels left

rFire   + . .      SeeInvis +    a - +1 shortbow (heavy)
rCold   . . .      Faith    .    (shield currently unavailable)
rNeg    . . .      Spirit   .    t - +1 leather armour {rF+}
rPois   .          Reflect  .    (no helmet)
rElec   .          Rampage  .    (no cloak)
rCorr   .                        (no gloves)
Will    .....                    (no boots)
Stlth   +++                      (no amulet)
HPRegen 0.28/turn                (no ring)
MPRegen 0.11/turn                (no ring)

@: lightly drained
A: small, no large weapons, nightstalker 3, hooves 1, see invisible, deformed
body
a: no special abilities


You were on level 6 of the Dungeon.
You visited 2 branches of the dungeon, and saw 8 of its levels.
You also visited: Sewer.

You collected 332 gold pieces.

Inventory:

Hand Weapons
 a - a +1 heavy shortbow (weapon)
Armour
 c - a +1 leather armour
 k - the +0 scale mail "Dyrikun" {rF++}
   (You took it off a hobgoblin on level 3 of the Dungeon)

   rF:        It greatly protects you from fire.
 t - a +1 leather armour of fire resistance (worn)
Wands
 g - a wand of iceblast (6)
 m - a wand of light (8)
 r - a wand of charming (4)
Scrolls
 b - 2 scrolls of immolation
 d - 3 scrolls of poison
 e - 5 scrolls of fear
 f - a scroll of magic mapping {unknown}
 n - a scroll of teleportation
 o - a scroll of fog
 s - a scroll of torment
 u - a scroll of brand weapon
Potions
 h - a potion of ambrosia
 i - 5 potions of curing
 j - a potion of lignification {unknown}
 l - a potion of brilliance
 p - a potion of degeneration {unknown}
 q - 2 potions of mutation
 v - a potion of berserk rage {unknown}
 w - a potion of attraction {unknown}


   Skills:
 - Level 5.0 Fighting
 + Level 11.8 Ranged Weapons
 - Level 6.0 Dodging
 - Level 1.3 Stealth


You had 7 spell levels left.
You didn't know any spells.
Your spell library contained the following spells:

 Spells                   Type           Power      Damage    Failure   Level
 Freeze                   Ice            0%         1d3       47%         1
 Frozen Ramparts          Ice            0%         1d1       85%         3
 Hailstorm                Conj/Ice       0%         3d3       85%         3
 Airstrike                Air            0%         2d(0-16)  99%         4
 Summon Lightning Spire   Summ/Air       0%         N/A       99%         4
 Plasma Beam              Fire/Air       0%         2x1d7     100%        5


Dungeon Overview and Level Annotations

Branches:
Dungeon (7/15)             Temple (1/1) D:5           Sewer (visited)

Altars:
Ashenzari
Cheibriados
Dithmenos
Fedhas
Kikubaaqudgha
Nemelex Xobeh
Okawaru
Qazlal
Ru
Sif Muna
Trog
Uskayaw
Zin
The Shining One


Innate Abilities, Weirdness & Mutations

You are small and have problems with some larger weapons.
You are completely attuned to the shadows.
You have large cloven feet.
You have supernaturally acute eyesight. (SInv)
Armour fits poorly on your strangely shaped body.


Message History

HP restored.
You start waiting.
Done waiting.
You see here 5 stones.
A wight comes into view.
It is wielding a +3 falchion of freezing.
A wight is nearby!
A wight is nearby!
A wight is nearby!
You shoot an arrow. The arrow hits the wight!
The wight is heavily damaged.
A wight comes into view. It is wielding a +4 dagger.
You shoot an arrow.
The arrow hits the wight but does no damage.
The wight is heavily damaged.
A wight comes into view. It is wielding a +0 falchion.
The wight hits you with a +3 falchion of freezing!
The wight freezes you.
You shoot an arrow. The arrow hits the wight!!
You destroy the wight!
You hear an angry hiss.
An iguana comes into view.
You shoot an arrow. The arrow barely misses the wight.
The wight completely misses you. The wight hits you with a +0 falchion.
You shoot an arrow. The arrow hits the wight!
The wight is almost destroyed.
The wight closely misses you. The wight completely misses you.
The wight closely misses you. The wight hits you with a +4 dagger.
Unknown command.
The iguana attacks as you move away! The iguana bites you!
* * * LOW HITPOINT WARNING * * *
The iguana attacks as you move away! The iguana misses you.
The iguana attacks as you move away! The iguana closely misses you.
The iguana attacks as you move away! The iguana bites you.
* * * LOW HITPOINT WARNING * * *
The iguana attacks as you move away! The iguana closely misses you.
The iguana attacks as you move away! The iguana misses you.
The iguana attacks as you move away! The iguana closely misses you.
There is a stone staircase leading down, spattered with blood here.
The iguana bites you!
You die...

. ..# ...........# #)#...
.##.. )....#...#.#####)....
#...#....#####....##....###
..#..... #.(####.#..#
......# #.##.[....##
#.##### #z##.#..#.# ..#
####z##.#.##.# .##
#....l.)..# . .###
#####.?##.@####
...####......#..##
≈.......#...##.##
#..######.###..#####
.....##............##
#....##.............##
≈....#..†............####
..................>..#...
.....#...................


You could see an iguana and 2 wights.

Vanquished Creatures
  Sigmund (D:3)
  Edmund (D:4)
  Pargi (Sewer)
  An ogre (D:4)
  A centaur (D:5)
  3 wights (D:6)
  A howler monkey (D:6)
  2 jellies
  Jessica (D:2)
  2 iguanas
  Natasha (D:3)
  4 orc wizards
  Robin (D:4)
  10 gnolls
  A river rat (D:3)
  6 adders
  A shadow imp (D:7)
  A white imp (D:5)
  An ufetubus (D:5)
  3 worms (D:3)
  A dart slug (D:3)
  22 orcs
  2 endoplasms (D:1)
  3 giant cockroaches
  23 goblins
  10 hobgoblins
  7 jackals (D:3)
  6 quokkas
  9 ball pythons
  8 bats
  9 frilled lizards
  8 kobolds
  4 rats
155 creatures vanquished.

Vanquished Creatures (others)
  An orc wizard (D:4)
  A white imp (D:7)
  13 fungi (D:5)
  3 plants (D:3)
18 creatures vanquished.

Grand Total: 173 creatures vanquished

Notes
Turn   | Place    | Note
-------+----------+-------------------------------------------
     0 | D:1      | Newt the Kobold Hunter began the quest for the Orb.
     0 | D:1      | Reached XP level 1. HP: 12/12 MP: 1/1
   185 | D:1      | Reached XP level 2. HP: 19/19 MP: 2/2
   359 | D:1      | Found a faded altar of an unknown god.
   409 | D:1      | Reached XP level 3. HP: 24/24 MP: 3/3
  1038 | D:2      | Found a shadowy altar of Dithmenos.
  1191 | D:2      | Noticed Jessica
  1193 | D:2      | Killed Jessica
  1194 | D:2      | Reached XP level 4. HP: 30/30 MP: 4/4
  1621 | D:3      | Reached skill level 5 in Fighting
  1685 | D:3      | Reached XP level 5. HP: 35/35 MP: 5/5
  1758 | D:3      | Reached skill level 6 in Ranged Weapons
  1774 | D:3      | Found a glowing drain.
  1782 | Sewer    | Entered a sewer
  1821 | Sewer    | Noticed Pargi
  1829 | Sewer    | Killed Pargi
  1830 | Sewer    | Reached skill level 7 in Ranged Weapons
  1830 | Sewer    | Reached XP level 6. HP: 23/40 MP: 6/6
  2273 | D:3      | Reached skill level 8 in Ranged Weapons
  2531 | D:3      | Noticed Natasha
  2537 | D:3      | Killed Natasha
  2600 | D:3      | Reached XP level 7. HP: 30/44 MP: 7/7
  2965 | D:3      | Reached skill level 9 in Ranged Weapons
  3013 | D:3      | Identified the +0 scale mail "Dyrikun" {rF++}
  3217 | D:3      | Noticed Sigmund
  3223 | D:3      | Killed Sigmund
  3224 | D:3      | Reached skill level 10 in Ranged Weapons
  3556 | D:4      | Found a stormy altar of Qazlal.
  3702 | D:4      | Found a shadowy altar of Dithmenos.
  3847 | D:4      | Noticed Edmund
  3849 | D:4      | Killed Edmund
  3850 | D:4      | Reached skill level 5 in Dodging
  3850 | D:4      | Reached XP level 8. HP: 49/49 MP: 8/8
  4035 | D:4      | Noticed Robin
  4062 | D:4      | Killed Robin
  4367 | D:5      | Entered Level 5 of the Dungeon
  4896 | D:5      | Found a staircase to the Ecumenical Temple.
  4957 | Temple   | Entered the Ecumenical Temple
  5975 | D:6      | Reached skill level 11 in Ranged Weapons
  5978 | D:6      | Gained mutation: You occasionally lose the ability to read
                  | scrolls when taking damage. [potion of mutation]
  5978 | D:6      | Gained mutation: Your spells are a little harder to cast,
                  | but a little more powerful. [potion of mutation]
  5979 | D:6      | Lost mutation: You occasionally lose the ability to read
                  | scrolls when taking damage. [potion of mutation]
  5979 | D:6      | Lost mutation: Your spells are a little harder to cast, but
                  | a little more powerful. [potion of mutation]
  5979 | D:6      | Gained mutation: Armour fits poorly on your strangely
                  | shaped body. [potion of mutation]
  5979 | D:6      | Gained mutation: You have large cloven feet. [potion of
                  | mutation]
  5979 | D:6      | Gained mutation: You have supernaturally acute eyesight.
                  | (SInv) [potion of mutation]
  6525 | D:6      | Slain by an iguana

Illustrated notes

Levels and vault maps discovered:
D:1:      dpeg_arrival_boxes_within_box, layout_basic,
          ebering_ecumenical_altar_webs, roderic_serpentine_path,
          roderic_lattice_a
D:2:      minmay_wonky_spiral, layout_basic, basic_altar, uniq_jessica
D:3:      corexii_shack_village, layout_basic, gup_sewer_entry_bubbles,
          grunt_ministairs_8, uniq_sigmund, uniq_natasha
D:4:      layout_loops_ring, old_standard_altar, old_standard_altar,
          minmay_ogre_servants, uniq_robin, uniq_edmund
D:5:      layout_basic, minmay_temple_entry_purple_smoke, serial_aquarium,
          aquarium_bridge_straight [aquarium_subvault_bridge,
          aquarium_subvault_wall, aquarium_subvault_bridge,
          aquarium_subvault_wall], aquarium_bridge_long_separate
          [aquarium_subvault_bridge, aquarium_subvault_bridge,
          aquarium_subvault_wall, aquarium_subvault_wall,
          aquarium_subvault_bridge, aquarium_subvault_bridge],
          aquarium_window_corridor_1, aquarium_window_1, aquarium_window_fake,
          aquarium_window_1, aquarium_view_2c, aquarium_view_2d, aquarium_pool_2
D:6:      layout_rooms, grunt_decor_junction, water_boxes_lemuel, uniq_grinder
D:7:      layout_basic, fiery_altar_vehumet
Temple:   minmay_temple_bridge_abc

Skill      XL: |  1  2  3  4  5  6  7  8 |
---------------+-------------------------+-----
Fighting       | 3 4 5 |  5.0
Ranged Weapons | 7 8 10 11 | 11.8
Dodging        | 5 6 |  6.0
Stealth        | |  1.3

Action                     |  1- 3 |  4- 6 |  7- 9 || total
---------------------------+-------+-------+-------++-------
  Melee: Shortbow          |       |       |     1 ||     1
   Fire: Shortbow          |    60 |    98 |   165 ||   323
  Evoke: Wand              |       |     2 |       ||     2
    Use: Scroll            |     2 |     7 |     6 ||    15
         Potion            |       |       |     5 ||     5
 Armour: Leather armour    |     7 |    10 |    30 ||    47
  Dodge: Dodged            |    14 |    53 |   150 ||   217

Table legend: (Time is in decaauts)
 A = Elapsed time spent in this place.
 B = Non-inter-level travel time spent in this place.
 C = Inter-level travel time spent in this place.
 D = Time resting spent in this place.
 E = Time spent auto-exploring this place.
 F = Levels seen in this place.
 G = Mean time per level.
                   A        B        C        D        E       F      G
               +--------+--------+--------+--------+--------+-----+--------+
         Total |   6716 |   6497 |    219 |    895 |   4696 |   9 |  746.2 |
       Dungeon |   6173 |   5989 |    184 |    895 |   4251 |   7 |  881.9 |
        Temple |    234 |    200 |     34 |      0 |    187 |   1 |  234.0 |
         Sewer |    308 |    308 |      0 |      0 |    258 |   1 |  308.0 |
               +--------+--------+--------+--------+--------+-----+--------+

Top non-repeatable levels by time:
     D:3: 1660 daAuts
     D:4: 1164 daAuts
     D:5: 1121 daAuts
     D:1: 924 daAuts
     D:2: 712 daAuts
     D:6: 373 daAuts
   Sewer: 308 daAuts
  Temple: 234 daAuts
     D:7: 215 daAuts
